 Dungeon Crawl Stone Soup version 0.13.1-17-g0f9d4ff (webtiles) character file.

657 Fosius the Martial Artist (level 7, -8/45 HPs)
             Began as an Octopode Monk on Dec 14, 2013.
             Mangled by zammy's ghost (11 damage)
             ... on Level 4 of the Dungeon.
             The game lasted 00:27:58 (5774 turns).

Fosius the Martial Artist (Octopode Monk)           Turns: 5774, Time: 00:27:59

HP  -8/45        AC  1     Str 10      XL: 7   Next: 44%
MP   6/6         EV 12     Int 12      God:
Gold 45          SH  9     Dex 17      Spells:  0 memorised,  6 levels left

Res.Fire  : . . .   See Invis. : .     - Unarmed
Res.Cold  : . . .   Warding    : .   I - +1 elf buckler
Life Prot.: . . .   Conserve   : .   (helmet restricted)
Res.Poison: .       Res.Corr.  : .   (no amulet)
Res.Elec. : .       Clarity    : .   (no ring)
Sust.Abil.: . .     Spirit.Shd : .   (no ring)
Res.Mut.  : .       Stasis     : .   (no ring)
Res.Rott. : .       Flight     : .   (no ring)
Saprovore : . . .                    (no ring)
                                     (no ring)
                                     (no ring)
                                     (no ring)

@: glowing, slightly resistant to hostile enchantments, unstealthy
A: almost no armour, amphibious, 8 rings, constrict 8, camouflage 1, AC +1
a: no special abilities


You were on level 4 of the Dungeon.
You were hungry.

You visited 1 branch of the dungeon, and saw 5 of its levels.

You collected 189 gold pieces.
You spent 144 gold pieces at shops.

Inventory:

Hand weapons
 c - a +0,+1 orcish club (quivered)
 d - a +0,+0 dagger
 f - a +2,+0 spear of dragon slaying
 m - a -1,+1 orcish dagger
 E - a cursed +0,-2 orcish club
 F - a +0,+1 orcish dagger
 G - a -2,+1 spear
Missiles
 e - 28 darts
 l - an exploding dart
 s - 20 steel darts
 x - 6 curare-tipped needles
Armour
 I - a +1 elven buckler (worn)
Comestibles
 b - 3 bread rations
 g - 2 meat rations
 i - a rambutan
 n - 2 apples
 C - an apricot
 D - a pear
Scrolls
 j - a scroll of blinking
 p - a scroll of remove curse
 w - 5 scrolls of teleportation
 y - a scroll of noise {unknown}
 B - a scroll of curse jewellery {unknown}
 H - a scroll of immolation {unknown}
 J - a scroll of enchant weapon I {unknown}
 K - a scroll of fog
Jewellery
 o - an uncursed ring of ice
Potions
 a - 2 potions of restore abilities
 t - a potion of brilliance
 v - 5 potions of curing
 z - a potion of confusion
 A - a potion of cure mutation


   Skills:
 - Level 3.0 Fighting
 - Level 3.0 Dodging
 - Level 2.6 Stealth
 + Level 8.8 Unarmed Combat


You had 6 spell levels left.
You didn't know any spells.

Dungeon Overview and Level Annotations

Branches:
Dungeon (5/27)
 Temple: D:4-7

Altars:
Sif Muna

Shops:
D:5 *

Annotations:
D:4 Grinder; zammy's ghost, experienced GrAM
D:5 Pikel


Innate Abilities, Weirdness & Mutations

You cannot wear most types of armour.
You are amphibious.
You can wear up to eight rings at the same time.
You can use your tentacles to constrict many enemies at once.
Your skin changes colour to match your surroundings (Stlth).
Your rubbery body absorbs attacks (AC +1).


Message History

You are outlined in light.
You bludgeon zammy's ghost!
You squeeze zammy's ghost, but do no damage.
Zammy's ghost is heavily damaged.
Zammy's ghost hits you!
You bludgeon zammy's ghost!
Zammy's ghost is severely damaged.
Zammy's ghost barely misses you.
You hit zammy's ghost but do no damage.
Zammy's ghost is severely damaged.
Zammy's ghost hits you!
* * * LOW HITPOINT WARNING * * *
You barely miss zammy's ghost.
Zammy's ghost is severely damaged.
Zammy's ghost hits you.
* * * LOW HITPOINT WARNING * * *
You barely miss zammy's ghost.
Zammy's ghost is severely damaged.
Zammy's ghost hits you!
You die...

#...))))# #.##..# #.##.##.#
#.##..# ####
#.##.##.####.##..# #)..
#)##.##..(...##..# #...
#.##.######......# #...
#.#)..## #..##.## ####
#......## #..##.##
#####.......# #..#...#
#.))..(..p@.# #......#### #
#.#####...#.###.)#...##.###
#.# ##.##......##........
#.# #.#####...........#.
#.# #>...##..###........
#.# ####.##..# #####..#.
#[# #.##..# #..## #.#
#.....# #####.... #>#
#.##.## #........


You could see zammy's ghost.

Vanquished Creatures
  3 slaves
  A centaur (D:5)
  Blork the orc (D:4)
  Crazy Yiuf (D:4)
  2 hounds (D:4)
  2 orc wizards (D:3)
  3 worker ants
  Ijyb (D:3)
  Jessica (D:2)
  An ogre skeleton (D:5)
  3 adders
  4 gnolls (D:4)
  5 worms
  2 giant mites
  A giant eyeball (D:4)
  3 giant geckos
  An ooze (D:3)
  12 orcs
  12 bats
  2 giant cockroaches
  6 goblins
  7 hobgoblins
  2 jackals (D:2)
  4 quokkas
  2 ball pythons (D:3)
  A giant newt (D:1)
  A hobgoblin skeleton (D:5)
  7 kobolds
  8 rats
99 creatures vanquished.

Notes
Turn   | Place    | Note
--------------------------------------------------------------
     0 | D:1      | Fosius, the Octopode Monk, began the quest for the Orb.
     0 | D:1      | Reached XP level 1. HP: 14/14 MP: 0/0
   290 | D:1      | Reached XP level 2. HP: 14/19 MP: 1/1
   770 | D:2      | Reached XP level 3. HP: 23/25 MP: 2/2
   912 | D:2      | Noticed Jessica
   914 | D:2      | Killed Jessica
   914 | D:2      | Reached skill level 5 in Unarmed Combat
  1464 | D:2      | Reached XP level 4. HP: 30/30 MP: 3/3
  1723 | D:3      | Noticed Ijyb
  1733 | D:3      | Killed Ijyb
  1738 | D:3      | HP: 1/30 [worm (12)]
  1933 | D:3      | Found a deep blue altar of Sif Muna.
  1962 | D:3      | Reached skill level 6 in Unarmed Combat
  1962 | D:3      | Reached XP level 5. HP: 25/35 MP: 4/4
  2854 | D:4      | Noticed zammy's ghost (experienced GrAM)
  3241 | D:3      | HP: 1/35 [goblin/orcish dagger (3)]
  3559 | D:4      | Noticed Blork the orc
  3652 | D:4      | Killed Blork the orc
  3652 | D:4      | Reached skill level 7 in Unarmed Combat
  3652 | D:4      | Reached XP level 6. HP: 41/41 MP: 5/5
  3982 | D:4      | Noticed Grinder
  4060 | D:4      | Reached skill level 8 in Unarmed Combat
  4450 | D:4      | Noticed Crazy Yiuf
  4458 | D:4      | Killed Crazy Yiuf
  4458 | D:4      | Reached XP level 7. HP: 45/45 MP: 6/6
  4628 | D:5      | Entered Level 5 of the Dungeon
  4636 | D:5      | Found Emiunk's Assorted Antiques.
  4669 | D:5      | Bought a scroll labeled YSOUFU NOUSTU for 21 gold pieces
  4669 | D:5      | Bought a scroll labeled FUPEBR SEWUINT for 21 gold pieces
  4669 | D:5      | Bought a scroll labeled FUPEBR SEWUINT for 21 gold pieces
  4669 | D:5      | Bought a black potion for 18 gold pieces
  4669 | D:5      | Bought a scroll labeled PRAEHE MALA {tried} for 21 gold pieces
  4669 | D:5      | Bought a scroll labeled SEVUIL MEWA for 21 gold pieces
  4669 | D:5      | Bought a scroll labeled THREECZ OSABB for 21 gold pieces
  5135 | D:5      | Noticed Pikel
  5774 | D:4      | Mangled by zammy's ghost

Action                   |  1- 3 |  4- 6 |  7- 9 || total
-------------------------+-------+-------+-------++-------
Melee: Unarmed           |    48 |   150 |    74 ||   272
Throw: Spear             |     6 |    10 |     3 ||    19
       Club              |     3 |     5 |     1 ||     9
       Dagger            |     2 |     4 |     1 ||     7
       Dart              |       |     1 |     4 ||     5
  Use: Scroll            |       |     2 |    15 ||    17
       Potion            |       |     1 |       ||     1
 Stab: Sleeping          |     7 |     3 |     3 ||    13
